 Dungeon Crawl Stone Soup version 0.25-a0-166-g16436c4407 (webtiles) character file.

Game seed: 7671000144169894076, levelgen mode: deterministic

623 Leeroy the Destroyer (level 7, -2/50 HPs)
             Began as a Black Draconian Conjurer on Nov 24, 2019.
             Slain by an ice beast (12 damage)
             ... on level 5 of the Dungeon.
             The game lasted 00:10:41 (4834 turns).

Leeroy the Destroyer (Black Draconian Conjurer)     Turns: 4834, Time: 00:10:41

Health: -2/50      AC:  6    Str: 12    XL:     7   Next: 22%
Magic:  1/10       EV: 12    Int: 16    God:
Gold:   218        SH:  0    Dex: 11    Spells: 3/10 levels left

rFire    . . .     SeeInvis .   x - +5 dagger (elec)
rCold    . . .     Gourm    .   (no shield)
rNeg     . . .     Faith    .   (armour unavailable)
rPois    .         Spirit   .   (helmet restricted)
rElec    +         Reflect  .   (no cloak)
rCorr    .         Harm     .   (no gloves)
MR       .....                  (no boots)
Stlth    ++........             (no amulet)
HPRegen  0.16/turn              (no ring)
MPRegen  0.12/turn              (no ring)

@: no status effects
A: breathe lightning, unfitting armour, electricity resistance, cold-blooded, AC
+6
a: Breathe Lightning


You were on level 5 of the Dungeon.
You were not hungry.

You visited 2 branches of the dungeon, and saw 6 of its levels.

You collected 218 gold pieces.

Inventory:

Hand Weapons
 j - a +0 dagger
 m - a +0 short sword
 o - a +0 short sword
 q - a +1 antimagic mace
 x - a +5 dagger of electrocution (weapon)
 y - a +0 falchion
Missiles
 p - 3 atropa-tipped darts (quivered)
 C - 5 boomerangs
Armour
 r - a +0 shield
Jewellery
 i - an uncursed amulet of regeneration {unknown}
Scrolls
 a - 2 scrolls of random uselessness {unknown}
 d - 2 scrolls of immolation {unknown}
 e - 2 scrolls of teleportation {unknown}
 g - 4 scrolls of identify {unknown}
 h - 4 scrolls of remove curse {unknown}
 v - a scroll of blinking {unknown}
 z - a scroll of amnesia {unknown}
 A - a scroll of enchant weapon {unknown}
Potions
 c - 3 potions of flight {unknown}
 f - a potion of mutation {unknown}
 k - a potion of magic {unknown}
 l - 2 potions of heal wounds
 n - a potion of agility {unknown}
 s - a potion of invisibility {unknown}
 t - a potion of degeneration {unknown}
 u - a potion of lignification {unknown}
 w - a potion of might {unknown}
Comestibles
 b - 9 rations
 B - 3 chunks of flesh


   Skills:
 - Level 1.7 Dodging
 - Level 1.7 Stealth
 - Level 2.0 Spellcasting
 + Level 8.9 Conjurations


You had 3 spell levels left.
You knew the following spells:

 Your Spells              Type           Power        Failure   Level  Hunger
a - Magic Dart            Conj           ####         1%          1    #......
b - Searing Ray           Conj           ####..       1%          2    ###....
c - Iskenderun's Mystic   Conj           ####....     5%          4    #####..

Your spell library contained the following spells:

 Spells                   Type           Power        Failure   Level  Hunger
 Dazzling Spray           Conj/Hex       ###...       10%         3    ###....
 Animate Skeleton         Necr           N/A          21%         1    #......
 Force Lance              Conj/Tloc      ###.....     32%         4    #####..
 Fulminant Prism          Conj/Hex       ###.......   32%         4    #####..


Dungeon Overview and Level Annotations

Branches:
Dungeon (5/15)             Temple (1/1) D:4

Altars:
Ashenzari
Cheibriados
Elyvilon
Gozag
Hepliaklqana
Kikubaaqudgha
Qazlal
Ru
Sif Muna
Uskayaw
Vehumet
Yredelemnul
Zin
The Shining One

Shops:
D:5 }


Innate Abilities, Weirdness & Mutations

You can breathe wild blasts of lightning.
Your glossy black scales are hard. (AC +6)
You cannot fit into any form of body armour.
You are resistant to electric shocks. (rElec)
You are cold-blooded and may be slowed by cold attacks.


Message History

The orb of energy misses the ice beast.
Casting: Iskenderun's Mystic Blast (safe; 5% risk of failure)
Confirm with . or Enter, or press ? or * to list all spells.
You don't have enough magic to cast that spell.
The ice beast hits you. The ice beast freezes you!
You closely miss the ice beast.
You tail-slap the ice beast, but do no damage.
The ice beast barely misses you.
You barely miss the ice beast. The ice beast hits you.
The ice beast freezes you!
You feel yourself slow down.
* * * LOW HITPOINT WARNING * * *
You hit the ice beast.
The ice beast is lightly wounded.
The ice beast barely misses you. The ice beast closely misses you.
You fail to use your ability.
You feel yourself speed up. The ice beast hits you.
* * * LOW HITPOINT WARNING * * *
The ice beast freezes you!
You die...

##### #########...##
#.....##.....##
##.....#(......#
#..............#
#.#####........# #@#
###.....## ####Y#
#.......# ...)..
#.......# ......
#.......# ......#
##.....## ##.#####
##...## ######.# #.######
.......##########.##...##
#..).h..รท............


You could see an ice beast.

Vanquished Creatures
  A black bear (D:5)
  An ogre (D:4)
  2 hounds (D:4)
  A jelly (D:5)
  3 orc wizards (D:5)
  An orc priest (D:5)
  Jessica (D:3)
  A worker ant (D:4)
  A hound skeleton (D:3)
  Robin (D:3)
  4 adders
  An ooze (D:4)
  2 adder skeletons (D:4)
  2 worms
  5 dart slugs
  4 leopard geckos
  11 orcs
  6 giant cockroaches
  19 goblins
  10 hobgoblins
  2 quokkas
  2 ball pythons
  9 bats
  4 frilled lizards
  A goblin skeleton (D:3)
  4 kobolds
  A leopard gecko skeleton (D:4)
  8 rats
108 creatures vanquished.

Notes
Turn   | Place    | Note
-------+----------+-------------------------------------------
     0 | D:1      | Leeroy the Draconian Conjurer began the quest for the Orb.
     0 | D:1      | Reached XP level 1. HP: 14/14 MP: 3/3
   208 | D:1      | Reached XP level 2. HP: 13/20 MP: 5/5
   384 | D:1      | Learned a level 2 spell: Searing Ray
   920 | D:2      | Reached skill level 5 in Conjurations
   920 | D:2      | Reached XP level 3. HP: 26/26 MP: 2/6
  1326 | D:2      | Reached XP level 4. HP: 24/33 MP: 0/7
  1721 | D:3      | Reached skill level 6 in Conjurations
  1982 | D:3      | Noticed Robin
  2423 | D:2      | Learned a level 4 spell: Iskenderun's Mystic Blast
  2446 | D:3      | Killed Robin
  2784 | D:3      | Reached XP level 5. HP: 37/38 MP: 2/8
  2804 | D:3      | Found a runed translucent door.
  2804 | D:3      | Noticed a human
  2820 | D:3      | Found a basalt altar of Yredelemnul.
  2919 | D:3      | Found a radiant altar of Vehumet.
  2943 | D:3      | Found an ancient bone altar of Kikubaaqudgha.
  2944 | D:3      | Found a shimmering blue altar of Sif Muna.
  2949 | D:3      | Identified Kikubaaqudgha's Catalogue of Black Rituals
  2985 | D:3      | Noticed Jessica
  2996 | D:3      | Killed Jessica
  3113 | D:4      | Reached skill level 7 in Conjurations
  3198 | D:4      | Noticed an ogre
  3210 | D:5      | Entered Level 5 of the Dungeon
  3210 | D:5      | Noticed a black bear
  3218 | D:4      | Found a sacrificial altar of Ru.
  3487 | D:5      | Found Hauffo's Gadget Shoppe.
  3505 | D:5      | Noticed an ice beast
  3525 | D:5      | Reached XP level 6. HP: 24/45 MP: 0/9
  3767 | D:4      | Reached skill level 8 in Conjurations
  3822 | D:4      | Found a staircase to the Ecumenical Temple.
  3836 | Temple   | Entered the Ecumenical Temple
  4319 | D:4      | Found a glowing silver altar of Zin.
  4780 | D:5      | Your scales start taking on a glossy black colour.
  4780 | D:5      | Reached XP level 7. HP: 50/50 MP: 1/10
  4780 | D:5      | Gained mutation: You are resistant to electric shocks.
                  | (rElec) [Black Draconian growth]
  4834 | D:5      | Slain by an ice beast

Levels and vault maps discovered:
D:1:      dpeg_arrival_erosion, layout_loops_ring
D:2:      layout_rooms, minmay_pentomino_p2
D:3:      layout_rooms, grunt_temple_overflow_magic_moments,
          dk_yredelemnul_ordeal, uniq_robin, uniq_jessica
D:4:      layout_basic, lemuel_doored_altar, lemuel_coloured_pillars_altar,
          minmay_temple_entry_arrows, first_ration
D:5:      layout_rooms, tgw_trog, serial_shops, shop
Temple:   compressed_dpeg_triangle_lava_temple

Skill      XL: |  1  2  3  4  5  6 |
---------------+-------------------+-----
Conjurations   | 5 6 7 8 |  8.9
Dodging        | |  1.7
Stealth        | |  1.7
Spellcasting   | |  2.0

Action                   |  1- 3 |  4- 6 |  7- 9 || total
-------------------------+-------+-------+-------++-------
Melee: Unarmed           |   107 |       |       ||   107
       Tailslap          |    18 |    15 |     1 ||    34
       Dagger            |    44 |    52 |     6 ||   102
       Short sword       |     8 |   209 |       ||   217
 Cast: Magic Dart        |     5 |     1 |       ||     6
       Searing Ray       |     5 |     5 |     1 ||    11
       Iskenderun's Myst |       |     8 |     1 ||     9
  Use: Potion            |       |     1 |       ||     1
 Stab: Sleeping          |     6 |     2 |       ||     8
       Distracted        |       |     1 |       ||     1
  Eat: Chunk             |     2 |    13 |     1 ||    16
Armor: Skin              |    51 |    88 |     1 ||   140
Dodge: Dodged            |   115 |   216 |     4 ||   335

Table legend:
 A = Non-vault XP
 B = Vault XP
 C = Vault XP percentage of total XP
 D = Non-vault monster count
 E = Vault monster count
 F = Vault count percentage of total count
                 A         B        C        D         E       F
            +---------+---------+-------+---------+---------+-------
      Total |     813 |      77 |   8.7 |      92 |      16 |  14.8
            +---------+---------+-------+---------+---------+-------
        D:1 |      35 |       0 |   0.0 |      19 |       0 |   0.0
        D:2 |      76 |       7 |   8.4 |      21 |       4 |  16.0
        D:3 |      83 |      70 |  45.8 |      27 |      12 |  30.8
        D:4 |     285 |       0 |   0.0 |      18 |       0 |   0.0
        D:5 |     334 |       0 |   0.0 |       7 |       0 |   0.0
            +---------+---------+-------+---------+---------+-------
